 Dungeon Crawl Stone Soup version 0.28.0-53-g5a82cb258f (webtiles) character file.

Game seed: 840549324329353602

94 tizbic2 the Grave Robber (level 4, 0/42 HPs)
             Began as an Ogre Necromancer on Aug 6, 2022.
             Slain by a gnoll
             ... wielding a +0 halberd
              (9 damage)
             ... on level 3 of the Dungeon.
             The game lasted 00:10:16 (3393 turns).

tizbic2 the Grave Robber (Ogre Necromancer)         Turns: 3393, Time: 00:10:17

Health: 0/42       AC:  3    Str: 12    XL:     4   Next: 63%
Magic:  8/8        EV:  9    Int: 18    God:
Gold:   86         SH:  0    Dex:  9    Spells: 5/9 levels left

rFire   . . .      SeeInvis .   c - +0 club
rCold   . . .      Faith    .   (no shield)
rNeg    . . .      Spirit   .   a - +0 robe
rPois   .          Reflect  .   (helmet restricted)
rElec   .          Harm     .   (no cloak)
rCorr   .          Rampage  .   (gloves unavailable)
Will    .....                   (boots unavailable)
Stlth   +.........              (no amulet)
HPRegen 0.14/turn               (no ring)
MPRegen 0.11/turn               (no ring)

@: no status effects
A: large, unfitting armour, tough skin 1
a: no special abilities


You were on level 3 of the Dungeon.
You visited 1 branch of the dungeon, and saw 3 of its levels.

You collected 86 gold pieces.

Inventory:

Hand Weapons
 c - a +0 club (weapon)
Missiles
 d - 46 stones
 h - 2 boomerangs
Armour
 a - a +0 robe (worn)
Jewellery
 i - a ring of fire
Wands
 b - a wand of mindburst (9)
Scrolls
 e - a scroll of noise {unknown}
 g - 2 scrolls of blinking
 j - a scroll of amnesia
 k - a scroll of teleportation
Potions
 f - a potion of cancellation {unknown}
 l - a potion of degeneration {unknown}


   Skills:
 + Level 2.1 Fighting
 + Level 1.3 Maces & Flails
 - Level 1.7 Dodging
 - Level 1.4 Stealth
 + Level 3.2 Spellcasting
 * Level 4.4 Necromancy


You had 5 spell levels left.
You knew the following spells:

 Your Spells              Type           Power      Damage    Failure   Level
a - Pain                  Necr           72%        1d7       2%          1
b - Vampiric Draining     Necr           18%        2d7       8%          3

Your spell library contained the following spells:

 Spells                   Type           Power      Damage    Failure   Level
 Animate Skeleton         Necr           36%        N/A       2%          1
 Animate Dead             Necr           9%         N/A       26%         4
 Agony                    Necr           18%        N/A       58%         5


Dungeon Overview and Level Annotations

Branches:
Dungeon (3/15)

Altars:

Shops:
D:1 *


Innate Abilities, Weirdness & Mutations

You are too large for most types of armour.
You have tough skin. (AC +1)


Message History

The dart slug writhes in agony.
A gnoll comes into view. It is wielding a +0 halberd.
You hit the dart slug.
You kill the dart slug!
The gnoll shouts!
You hear a shout! x3
A gnoll comes into view.
It is wielding a +0 halberd and quivering poisoned darts.
The gnoll shouts!
A gnoll comes into view. It is wielding a +0 halberd.
The gnoll moves out of view.
You see here a dart slug corpse.
Casting: Pain (safe; 2% risk of failure)
Confirm with . or Enter, or press ? or * to list all spells.
Aiming: Pain (safe; 2% risk of failure)
Press: ? - help, Shift-Dir - straight line, f - gnoll
Aim: a gnoll, wielding a +0 halberd (chance to affect: 83%)
The gnoll writhes in agony.
The gnoll shouts!
A gnoll comes into view. It is wielding a +0 flail.
Casting: Pain (safe; 2% risk of failure)
Confirm with . or Enter, or press ? or * to list all spells.
Aiming: Pain (safe; 2% risk of failure)
Press: ? - help, Shift-Dir - straight line, f/p - gnoll
Aim: a gnoll, wielding a +0 halberd (moderately wounded, chance to affect: 83%)
The gnoll writhes in agony.
The gnoll hits you from afar with a +0 halberd!
You see here a frilled lizard corpse.
There is an open door here.
There is an open door here.
A gnoll is nearby!
The gnoll completely misses you.
The gnoll hits you from afar with a +0 halberd.
There is a stone staircase leading up here.
The gnoll hits you from afar with a +0 halberd!
You barely miss the gnoll. The gnoll hits you with a +0 halberd!
The gnoll hits you from afar with a +0 halberd.
The gnoll hits you from afar with a +0 halberd!
* * * LOW HITPOINT WARNING * * *
There is a stone staircase leading up, spattered with blood here.
The gnoll hits you from afar with a +0 halberd!
You die...

#.# #g# #.#
##########g#
#.......##.#
#.#####.##g#
#......gg.g#
#######.####
#@# ###


You could see 2 gnolls.

Vanquished Creatures
  5 adders (D:2)
  3 dart slugs
  5 ball pythons
  3 bats
  6 endoplasms
  4 goblins
  5 hobgoblins
  2 kobolds (D:1)
  4 quokkas
  3 frilled lizards
  A rat (D:1)
41 creatures vanquished.

Notes
Turn   | Place    | Note
-------+----------+-------------------------------------------
     0 | D:1      | tizbic2 the Ogre Necromancer began the quest for the Orb.
     0 | D:1      | Reached XP level 1. HP: 16/16 MP: 3/3
   155 | D:1      | Reached XP level 2. HP: 10/26 MP: 2/5
   498 | D:1      | Reached skill level 1 in Fighting
   509 | D:1      | Found Ducwetze's Assorted Antiques.
  1218 | D:1      | Reached XP level 3. HP: 31/33 MP: 7/7
  1228 | D:1      | Learned a level 3 spell: Vampiric Draining
  1229 | D:1      | Reached skill level 4 in Necromancy
  1669 | D:2      | Reached skill level 1 in Maces & Flails
  2158 | D:2      | Reached XP level 4. HP: 23/42 MP: 2/8
  3393 | D:3      | Slain by a gnoll

Illustrated notes

Levels and vault maps discovered:
D:1:      tarquinn_simple_flora_water_a, layout_loops_ring, serial_shops, shop
D:2:      layout_basic, minmay_misc_feat_alley, minmay_pentomino_t4
D:3:      layout_basic, kennysheep_cross_room

Skill      XL: |  1  2  3  4 |
---------------+-------------+-----
Fighting       | 1 2 |  2.1
Necromancy     | 4 |  4.4
Maces & Flails | 1 |  1.3
Spellcasting   | 3 |  3.2
Dodging        | |  1.7
Stealth        | |  1.4

Action                   |  1- 3 |  4- 6 || total
-------------------------+-------+-------++-------
Melee: Unarmed           |    28 |       ||    28
       Dagger            |    52 |     3 ||    55
       Club              |    17 |    40 ||    57
Throw: Boomerang         |     4 |       ||     4
 Cast: Pain              |    24 |    15 ||    39
       Vampiric Draining |     3 |     6 ||     9
  Use: Scroll            |       |     3 ||     3
 Stab: Sleeping          |     1 |     1 ||     2
Armor: Robe              |    33 |    11 ||    44
Dodge: Dodged            |    55 |    34 ||    89
